General information
- name: BNet
- type: Ladder team game (AT/RT)
- host: Battle.net
- saver: CHIN_VEGA
map: Friends
- players: 8
- length: 114:59
- speed: Fast
- version: 1.26 W3XP
- replay type: Public
» download(696 KB)
Players
team 1 (winner)
TSGH.TRIXITY (
green | 40 APM | 4641 actions | 114:52)
10 Paladin
3 Holy Light
3 Devotion Aura
1 Resurrection
3 Divine Shield
8 Mountain King
3 Storm Bolt
3 Thunder Clap
1 Avatar
1 Bash
» actions
| Assign group hotkey | 334 | |
| Basic commands | 210 | |
| Build / train | 247 | |
| Enter build submenu | 78 | |
| Enter hero's abilities submenu | 18 | |
| Give item / drop item | 6 | |
| Remove unit from queue | 26 | |
| Right click | 1683 | |
| Select / deselect | 1381 | |
| Select group hotkey | 227 | |
| Use ability | 430 | |
4641 total
» units
| Peasant | 50 | |
| Footman | 13 | |
| Priest | 10 | |
| Knight | 20 | |
| Goblin Zeppelin | 7 | |
| Sorceress | 3 | |
| Gryphon Rider | 14 | |
| Siege Engine | 19 | |
| Mortar Team | 1 | |
137 total
» upgrades
| Priest Training | 2 | |
| Lumber Harvesting | 0 | |
| Animal War Training | 1 | |
| Swords | 3 | |
| Plating | 3 | |
| Sorceress Training | 2 | |
| Armor | 3 | |
| Storm Hammers | 1 | |
| Gunpowder | 3 | |
| Barrage | 1 | |
| Masonry | 1 | |
| Fragmentation Shards | 1 | |
21 total
» buildings
| Farm | 17 | |
| Altar of Kings | 2 | |
| Lumber Mill | 2 | |
| Barracks | 2 | |
| Keep | 2 | |
| Castle | 1 | |
| Arcane Sanctum | 2 | |
| Blacksmith | 2 | |
| Town Hall | 8 | |
| Arcane Vault | 3 | |
| Scout Tower | 28 | |
| Guard Tower | 12 | |
| Gryphon Aviary | 3 | |
| Workshop | 4 | |
| Cannon Tower | 1 | |
89 total
» build order
00:22 Farm
00:38 Altar of Kings
00:53 Farm
00:58 Farm
01:18 Lumber Mill
01:28 Lumber Mill
02:10 Barracks
02:12 Barracks
02:18 Farm
03:00 Farm
03:54 Farm
06:34 Farm
08:36 Keep
08:40 Farm
09:24 Farm
10:18 Farm
11:12 Farm
11:13 Castle
11:24 Arcane Sanctum
11:27 Arcane Sanctum
12:28 Farm
14:01 Blacksmith
16:23 Town Hall
18:47 Arcane Vault
21:57 Farm
22:47 Farm
28:03 Town Hall
28:05 Scout Tower
28:07 Scout Tower
28:38 Guard Tower
28:40 Scout Tower
30:26 Gryphon Aviary
30:28 Gryphon Aviary
30:29 Gryphon Aviary
35:09 Farm
36:01 Farm
36:53 Farm
43:35 Town Hall
47:03 Workshop
47:20 Town Hall
47:50 Town Hall
48:22 Workshop
50:21 Arcane Vault
51:53 Arcane Vault
56:02 Scout Tower
56:05 Scout Tower
56:11 Scout Tower
56:58 Guard Tower
57:00 Scout Tower
57:02 Scout Tower
57:03 Scout Tower
57:44 Guard Tower
57:46 Scout Tower
57:47 Scout Tower
57:49 Scout Tower
58:16 Guard Tower
58:20 Guard Tower
60:38 Workshop
63:34 Scout Tower
66:26 Guard Tower
67:52 Town Hall
68:51 Town Hall
71:58 Scout Tower
72:05 Scout Tower
72:10 Scout Tower
72:35 Guard Tower
72:37 Scout Tower
72:39 Scout Tower
72:45 Scout Tower
72:47 Scout Tower
72:48 Guard Tower
73:00 Town Hall
73:06 Cannon Tower
73:07 Guard Tower
73:15 Scout Tower
73:16 Guard Tower
73:19 Scout Tower
73:23 Scout Tower
73:46 Guard Tower
73:49 Scout Tower
73:51 Scout Tower
73:54 Guard Tower
73:57 Scout Tower
74:44 Guard Tower
74:51 Scout Tower
74:53 Scout Tower
75:34 Guard Tower
84:50 Workshop
84:51 Keep
86:44 Blacksmith
87:31 Altar of Kings
» items
| Rod of Necromancy | 2 | |
| Potion of Mana | 2 | |
| Scroll of Town Portal | 9 | |
| Orb of Corruption | 2 | |
| Potion of Healing | 5 | |
| Inferno Stone | 2 | |
| Scroll of Regeneration | 1 | |
| Health Stone | 1 | |
| Sobi Mask | 1 | |
| Mana Stone | 2 | |
| Potion of Restoration | 1 | |
| Ankh of Reincarnation | 1 | |
| Ice Shard | 1 | |
| Demonic Figurine | 1 | |
| Red Drake Egg | 1 | |
| Belt of Giant Strength +6 | 1 | |
33 total
r4nhu (
purple | 32 APM | 3732 actions | 114:52)
9 Demon Hunter
3 Evasion
3 Mana Burn
1 Metamorphosis
2 Immolation
4 Priestess of the Moon
2 Trueshot Aura
2 Searing Arrows
» actions
| Assign group hotkey | 82 | |
| Basic commands | 180 | |
| Build / train | 191 | |
| Enter build submenu | 17 | |
| Enter hero's abilities submenu | 13 | |
| Right click | 1129 | |
| Select / deselect | 924 | |
| Select group hotkey | 1104 | |
| Use ability | 92 | |
3732 total
» units
| Wisp | 10 | |
| Huntress | 16 | |
| Druid of the Talon | 100 | |
| Chimaera | 25 | |
| Hippogryph | 1 | |
152 total
» upgrades
| Moon Armor | 2 | |
| Strength of the Moon | 2 | |
| Druid of the Talon Training | 2 | |
| Upgrade Moon Glaive | 1 | |
| Mark of the Talon | 1 | |
| Strength of the Wild | 3 | |
| Reinforced Hides | 3 | |
| Corrosive Breath | 1 | |
| Ultravision | 1 | |
| Well Spring | 1 | |
17 total
» buildings
| Altar of Elders | 1 | |
| Moon Well | 9 | |
| Hunter's Hall | 1 | |
| Ancient of War | 2 | |
| Tree of Ages | 1 | |
| Tree of Eternity | 1 | |
| Ancient of Wind | 2 | |
| Chimaera Roost | 2 | |
19 total
» build order
00:15 Altar of Elders
00:19 Moon Well
01:28 Hunter's Hall
02:20 Ancient of War
02:23 Ancient of War
02:39 Moon Well
02:50 Moon Well
04:27 Moon Well
07:17 Tree of Ages
10:23 Tree of Eternity
10:26 Ancient of Wind
12:50 Moon Well
12:52 Moon Well
16:36 Moon Well
24:15 Chimaera Roost
24:18 Chimaera Roost
46:28 Moon Well
49:16 Moon Well
51:01 Ancient of Wind
» items
| Scroll of Town Portal | 2 | |
| Orb of Corruption | 3 | |
5 total

»
CHIN_VEGA (
yellow | 55 APM | 6286 actions | 114:59)
10 Pit Lord
3 Rain of Fire
3 Cleaving Attack
1 Doom
3 Howl of Terror
9 Dark Ranger
3 Silence
3 Life Drain
1 Charm
2 Black Arrow
10 Goblin Alchemist
3 Acid Bomb
3 Chemical Rage
1 Transmute
3 Healing Spray
» actions
| Assign group hotkey | 197 | |
| Basic commands | 238 | |
| Build / train | 241 | |
| ESC pressed | 4 | |
| Enter build submenu | 76 | |
| Enter hero's abilities submenu | 31 | |
| Give item / drop item | 22 | |
| Right click | 2475 | |
| Select / deselect | 988 | |
| Select group hotkey | 1133 | |
| Use ability | 881 | |
6286 total
» units
| Acolyte | 14 | |
| Ghoul | 4 | |
| Crypt Fiend | 6 | |
| Goblin Shredder | 4 | |
| Goblin Zeppelin | 2 | |
| Frost Wyrm | 7 | |
| Obsidian Statue | 2 | |
| Peasant | 24 | |
| Wisp | 1 | |
64 total
» upgrades
| Web | 1 | |
| Creature Attack | 3 | |
| Creature Carapace | 3 | |
| Freezing Breath | 1 | |
| Destroyer Form | 1 | |
| Unholy Strength | 3 | |
| Unholy Armor | 3 | |
| Masonry | 3 | |
| Magic Sentry | 1 | |
| Nature's Blessing | 1 | |
| Priest Training | 2 | |
| Sorceress Training | 2 | |
| Strength of the Wild | 2 | |
| Strength of the Moon | 1 | |
| Moon Armor | 1 | |
| Reinforced Hides | 1 | |
| Well Spring | 1 | |
| Exhume Corpses | 1 | |
31 total
» buildings
| Crypt | 1 | |
| Ziggurat | 31 | |
| Altar of Darkness | 1 | |
| Graveyard | 1 | |
| Tomb of Relics | 1 | |
| Nerubian Tower | 6 | |
| Halls of the Dead | 2 | |
| Black Citadel | 2 | |
| Sacrificial Pit | 1 | |
| Boneyard | 6 | |
| Necropolis | 2 | |
| Spirit Tower | 6 | |
| Slaughterhouse | 3 | |
| Town Hall | 3 | |
| Lumber Mill | 235 | |
| Scout Tower | 220 | |
| Guard Tower | 58 | |
| Keep | 1 | |
| Arcane Tower | 2 | |
| Altar of Kings | 1 | |
| Arcane Sanctum | 2 | |
| Castle | 2 | |
| Tree of Life | 1 | |
| Tree of Ages | 1 | |
| Altar of Elders | 1 | |
| Tree of Eternity | 1 | |
| Hunter's Hall | 1 | |
592 total
» build order
00:09 Crypt
00:10 Ziggurat
00:32 Altar of Darkness
01:00 Graveyard
01:27 Ziggurat
01:52 Tomb of Relics
02:32 Nerubian Tower
03:04 Halls of the Dead
03:04 Halls of the Dead
04:02 Ziggurat
04:44 Ziggurat
05:34 Nerubian Tower
05:35 Nerubian Tower
05:35 Nerubian Tower
05:35 Nerubian Tower
06:07 Black Citadel
06:08 Black Citadel
06:10 Sacrificial Pit
09:28 Boneyard
09:29 Boneyard
09:48 Ziggurat
11:47 Necropolis
14:53 Ziggurat
15:43 Ziggurat
16:43 Spirit Tower
16:46 Ziggurat
19:34 Slaughterhouse
19:35 Slaughterhouse
19:35 Slaughterhouse
24:56 Spirit Tower
24:57 Ziggurat
24:57 Ziggurat
24:58 Ziggurat
24:58 Ziggurat
24:58 Ziggurat
24:59 Ziggurat
24:59 Ziggurat
24:59 Ziggurat
25:00 Ziggurat
25:02 Ziggurat
25:02 Ziggurat
25:02 Ziggurat
25:02 Ziggurat
25:03 Ziggurat
26:20 Spirit Tower
29:18 Ziggurat
29:19 Ziggurat
29:19 Ziggurat
29:19 Ziggurat
29:20 Ziggurat
29:20 Ziggurat
29:20 Ziggurat
29:21 Ziggurat
30:12 Necropolis
30:21 Spirit Tower
31:55 Spirit Tower
32:05 Boneyard
32:06 Boneyard
32:06 Boneyard
32:07 Boneyard
36:22 Town Hall
40:08 Lumber Mill
40:51 Town Hall
41:32 Town Hall
41:37 Scout Tower
41:37 Scout Tower
41:41 Scout Tower
42:16 Guard Tower
42:18 Scout Tower
42:19 Scout Tower
42:20 Scout Tower
42:21 Scout Tower
42:22 Scout Tower
42:22 Scout Tower
42:23 Scout Tower
42:23 Scout Tower
42:37 Scout Tower
42:38 Scout Tower
42:39 Scout Tower
42:40 Scout Tower
42:41 Scout Tower
42:42 Scout Tower
42:43 Guard Tower
43:00 Keep
43:11 Scout Tower
43:12 Scout Tower
43:12 Scout Tower
43:13 Scout Tower
43:14 Scout Tower
43:14 Scout Tower
43:15 Scout Tower
43:16 Scout Tower
43:17 Arcane Tower
43:18 Arcane Tower
43:22 Guard Tower
43:40 Scout Tower
43:40 Scout Tower
43:41 Scout Tower
43:42 Scout Tower
43:43 Scout Tower
43:43 Scout Tower
43:44 Scout Tower
43:45 Scout Tower
43:46 Scout Tower
43:46 Scout Tower
43:47 Scout Tower
43:48 Guard Tower
43:50 Guard Tower
43:51 Guard Tower
44:37 Guard Tower
45:30 Altar of Kings
45:34 Guard Tower
45:35 Guard Tower
46:26 Guard Tower
46:26 Guard Tower
47:16 Scout Tower
47:17 Scout Tower
47:17 Scout Tower
47:17 Scout Tower
47:18 Scout Tower
47:18 Scout Tower
47:21 Guard Tower
47:22 Guard Tower
47:46 Arcane Sanctum
47:46 Arcane Sanctum
48:03 Guard Tower
48:03 Guard Tower
48:06 Scout Tower
48:06 Scout Tower
48:07 Scout Tower
48:08 Scout Tower
48:08 Scout Tower
48:08 Scout Tower
48:09 Scout Tower
48:43 Guard Tower
48:43 Guard Tower
49:03 Lumber Mill
49:03 Lumber Mill
49:03 Lumber Mill
49:03 Lumber Mill
49:04 Lumber Mill
49:04 Lumber Mill
49:04 Lumber Mill
49:05 Lumber Mill
49:05 Lumber Mill
49:05 Lumber Mill
49:05 Lumber Mill
49:06 Lumber Mill
49:06 Lumber Mill
49:06 Lumber Mill
49:07 Lumber Mill
49:07 Lumber Mill
49:07 Lumber Mill
49:07 Lumber Mill
49:08 Lumber Mill
49:08 Lumber Mill
49:08 Lumber Mill
49:09 Lumber Mill
49:09 Lumber Mill
49:09 Lumber Mill
49:10 Lumber Mill
49:10 Lumber Mill
49:10 Lumber Mill
49:11 Lumber Mill
49:11 Lumber Mill
49:11 Lumber Mill
49:12 Lumber Mill
49:12 Lumber Mill
49:12 Lumber Mill
49:12 Lumber Mill
49:13 Lumber Mill
49:13 Lumber Mill
49:13 Lumber Mill
49:13 Lumber Mill
49:14 Lumber Mill
49:14 Lumber Mill
49:14 Lumber Mill
49:14 Lumber Mill
49:15 Lumber Mill
49:15 Lumber Mill
49:15 Lumber Mill
49:15 Lumber Mill
49:16 Lumber Mill
49:16 Lumber Mill
49:16 Lumber Mill
49:16 Lumber Mill
49:17 Lumber Mill
49:17 Lumber Mill
49:17 Lumber Mill
49:17 Lumber Mill
49:18 Lumber Mill
49:18 Lumber Mill
49:18 Lumber Mill
49:18 Lumber Mill
49:19 Lumber Mill
49:19 Lumber Mill
49:19 Lumber Mill
49:19 Lumber Mill
49:20 Lumber Mill
49:20 Lumber Mill
49:20 Lumber Mill
49:20 Lumber Mill
49:21 Lumber Mill
49:21 Lumber Mill
49:21 Lumber Mill
49:36 Scout Tower
49:37 Scout Tower
49:37 Scout Tower
49:37 Scout Tower
49:37 Scout Tower
49:38 Scout Tower
49:39 Guard Tower
50:16 Guard Tower
50:17 Guard Tower
50:19 Scout Tower
50:20 Scout Tower
50:20 Scout Tower
50:20 Scout Tower
50:21 Scout Tower
50:53 Guard Tower
50:53 Guard Tower
51:05 Lumber Mill
51:29 Lumber Mill
51:29 Lumber Mill
51:30 Lumber Mill
51:30 Lumber Mill
51:30 Lumber Mill
51:31 Lumber Mill
51:31 Lumber Mill
51:31 Lumber Mill
51:32 Lumber Mill
52:21 Guard Tower
52:25 Castle
52:25 Castle
52:27 Guard Tower
52:28 Guard Tower
52:30 Guard Tower
53:02 Guard Tower
53:06 Scout Tower
53:06 Scout Tower
53:06 Scout Tower
53:07 Scout Tower
53:07 Scout Tower
53:07 Scout Tower
53:29 Scout Tower
53:29 Scout Tower
53:30 Scout Tower
53:30 Scout Tower
53:30 Scout Tower
53:31 Scout Tower
53:31 Scout Tower
53:32 Scout Tower
53:32 Scout Tower
53:32 Scout Tower
53:33 Scout Tower
53:36 Scout Tower
53:36 Scout Tower
53:36 Scout Tower
53:37 Scout Tower
53:37 Scout Tower
53:38 Scout Tower
53:38 Scout Tower
53:38 Scout Tower
53:38 Scout Tower
54:00 Scout Tower
54:01 Scout Tower
54:01 Scout Tower
54:01 Scout Tower
54:01 Scout Tower
54:02 Scout Tower
54:02 Scout Tower
54:31 Guard Tower
54:31 Guard Tower
54:36 Lumber Mill
54:36 Lumber Mill
54:36 Lumber Mill
54:36 Lumber Mill
54:37 Lumber Mill
54:37 Lumber Mill
54:37 Lumber Mill
54:37 Lumber Mill
56:00 Guard Tower
56:02 Scout Tower
56:02 Scout Tower
56:03 Scout Tower
56:03 Scout Tower
56:03 Scout Tower
56:03 Scout Tower
56:04 Scout Tower
56:04 Scout Tower
56:04 Scout Tower
56:04 Scout Tower
56:05 Scout Tower
56:05 Scout Tower
56:07 Guard Tower
56:10 Scout Tower
56:10 Scout Tower
56:11 Scout Tower
56:12 Scout Tower
56:12 Scout Tower
56:16 Guard Tower
56:44 Guard Tower
56:45 Guard Tower
57:15 Guard Tower
57:58 Guard Tower
58:59 Guard Tower
58:59 Guard Tower
59:35 Guard Tower
59:36 Guard Tower
59:40 Tree of Life
61:31 Scout Tower
61:31 Scout Tower
61:32 Scout Tower
61:32 Scout Tower
61:32 Scout Tower
61:32 Scout Tower
61:33 Scout Tower
61:33 Scout Tower
61:33 Scout Tower
61:34 Scout Tower
61:34 Scout Tower
61:34 Scout Tower
61:35 Scout Tower
61:35 Scout Tower
61:35 Scout Tower
61:36 Scout Tower
61:36 Scout Tower
61:41 Lumber Mill
61:41 Lumber Mill
61:42 Lumber Mill
61:42 Lumber Mill
61:42 Lumber Mill
61:42 Lumber Mill
61:43 Lumber Mill
61:43 Lumber Mill
61:43 Lumber Mill
61:43 Lumber Mill
61:44 Lumber Mill
61:44 Lumber Mill
61:44 Lumber Mill
61:44 Lumber Mill
61:45 Lumber Mill
61:45 Lumber Mill
61:45 Lumber Mill
61:46 Lumber Mill
61:46 Lumber Mill
61:46 Lumber Mill
61:47 Lumber Mill
61:47 Lumber Mill
61:47 Lumber Mill
61:48 Lumber Mill
61:48 Lumber Mill
61:48 Lumber Mill
61:49 Lumber Mill
61:49 Lumber Mill
61:49 Lumber Mill
61:50 Lumber Mill
61:50 Lumber Mill
61:50 Lumber Mill
61:51 Lumber Mill
61:51 Lumber Mill
61:51 Lumber Mill
61:52 Lumber Mill
61:52 Lumber Mill
61:52 Lumber Mill
61:53 Lumber Mill
61:53 Lumber Mill
61:53 Lumber Mill
61:54 Lumber Mill
61:54 Lumber Mill
61:54 Lumber Mill
61:55 Lumber Mill
61:59 Scout Tower
62:00 Scout Tower
62:00 Scout Tower
62:00 Scout Tower
62:01 Scout Tower
62:02 Scout Tower
62:02 Scout Tower
62:03 Scout Tower
62:03 Scout Tower
62:05 Guard Tower
62:19 Guard Tower
62:51 Guard Tower
62:53 Guard Tower
65:29 Lumber Mill
65:29 Lumber Mill
65:29 Lumber Mill
65:30 Lumber Mill
65:30 Lumber Mill
65:30 Lumber Mill
65:30 Lumber Mill
65:31 Lumber Mill
65:31 Lumber Mill
65:31 Lumber Mill
65:31 Lumber Mill
65:32 Lumber Mill
65:32 Lumber Mill
65:32 Lumber Mill
65:33 Lumber Mill
65:33 Lumber Mill
65:33 Lumber Mill
65:34 Lumber Mill
65:34 Lumber Mill
65:34 Lumber Mill
65:34 Lumber Mill
65:35 Lumber Mill
65:35 Lumber Mill
65:35 Lumber Mill
65:35 Lumber Mill
65:36 Lumber Mill
65:36 Lumber Mill
65:36 Lumber Mill
66:29 Guard Tower
66:39 Scout Tower
66:40 Scout Tower
66:40 Scout Tower
66:40 Scout Tower
66:40 Scout Tower
66:41 Scout Tower
66:42 Scout Tower
66:42 Scout Tower
66:42 Scout Tower
66:42 Scout Tower
66:43 Scout Tower
66:43 Scout Tower
66:43 Scout Tower
66:43 Scout Tower
66:44 Scout Tower
66:44 Scout Tower
66:44 Scout Tower
66:44 Scout Tower
66:45 Scout Tower
66:45 Scout Tower
66:46 Scout Tower
66:46 Scout Tower
66:46 Scout Tower
66:46 Scout Tower
66:47 Scout Tower
66:47 Scout Tower
67:59 Guard Tower
68:00 Guard Tower
68:01 Guard Tower
68:02 Guard Tower
68:29 Guard Tower
69:58 Guard Tower
70:05 Scout Tower
70:05 Scout Tower
70:05 Scout Tower
70:05 Scout Tower
70:06 Scout Tower
70:06 Scout Tower
70:07 Scout Tower
70:07 Scout Tower
70:07 Scout Tower
70:07 Scout Tower
70:08 Scout Tower
70:08 Scout Tower
70:08 Scout Tower
70:09 Scout Tower
70:09 Scout Tower
70:10 Scout Tower
70:10 Scout Tower
70:11 Scout Tower
71:23 Lumber Mill
71:26 Guard Tower
73:22 Tree of Ages
74:31 Guard Tower
74:34 Guard Tower
74:56 Scout Tower
74:57 Scout Tower
74:57 Scout Tower
74:57 Scout Tower
74:57 Scout Tower
76:14 Scout Tower
76:15 Guard Tower
81:14 Guard Tower
86:58 Altar of Elders
88:39 Tree of Eternity
88:41 Hunter's Hall
» items
| Rod of Necromancy | 2 | |
| Sacrificial Skull | 1 | |
| Orb of Corruption | 2 | |
| Scroll of Town Portal | 6 | |
| Boots of Quel'Thalas +6 | 2 | |
| Belt of Giant Strength +6 | 3 | |
| Runed Bracers | 2 | |
| Staff of Sanctuary | 2 | |
| Mana Stone | 2 | |
| Robe of the Magi +6 | 1 | |
| Scourge Bone Chimes | 1 | |
| Sobi Mask | 1 | |
25 total
imwastedagain (
pink | 12 APM | 1319 actions | 107:55)
7 Death Knight
3 Death Coil
3 Unholy Aura
1 Animate Dead
6 Pit Lord
3 Cleaving Attack
2 Rain of Fire
1 Doom
» actions
| Basic commands | 282 | |
| Build / train | 134 | |
| Enter build submenu | 87 | |
| Enter hero's abilities submenu | 12 | |
| Give item / drop item | 4 | |
| Remove unit from queue | 1 | |
| Right click | 19 | |
| Select / deselect | 566 | |
| Use ability | 212 | |
1319 total
» units
| Acolyte | 17 | |
| Ghoul | 4 | |
| Crypt Fiend | 15 | |
| Goblin Zeppelin | 1 | |
| Frost Wyrm | 20 | |
| Goblin Shredder | 1 | |
58 total
» upgrades
| Creature Attack | 3 | |
| Creature Carapace | 3 | |
| Web | 1 | |
| Freezing Breath | 1 | |
8 total
» buildings
| Graveyard | 1 | |
| Crypt | 2 | |
| Ziggurat | 69 | |
| Tomb of Relics | 1 | |
| Altar of Darkness | 1 | |
| Nerubian Tower | 1 | |
| Spirit Tower | 29 | |
| Halls of the Dead | 1 | |
| Black Citadel | 1 | |
| Necropolis | 3 | |
| Sacrificial Pit | 1 | |
| Boneyard | 4 | |
114 total
» build order
00:56 Graveyard
01:00 Crypt
01:04 Crypt
01:11 Ziggurat
01:23 Ziggurat
01:39 Tomb of Relics
02:21 Altar of Darkness
02:46 Nerubian Tower
03:06 Spirit Tower
04:04 Ziggurat
04:07 Ziggurat
07:04 Halls of the Dead
08:13 Spirit Tower
09:48 Black Citadel
16:48 Necropolis
22:07 Ziggurat
22:08 Ziggurat
22:32 Ziggurat
22:36 Ziggurat
23:00 Spirit Tower
23:09 Spirit Tower
23:30 Spirit Tower
23:31 Spirit Tower
24:29 Necropolis
24:49 Necropolis
28:23 Sacrificial Pit
28:32 Ziggurat
28:35 Ziggurat
28:37 Ziggurat
28:39 Ziggurat
28:42 Ziggurat
28:59 Ziggurat
29:02 Ziggurat
29:04 Ziggurat
29:07 Ziggurat
29:27 Boneyard
29:30 Boneyard
29:34 Boneyard
29:37 Boneyard
29:43 Spirit Tower
30:14 Spirit Tower
49:06 Ziggurat
50:01 Spirit Tower
50:05 Ziggurat
50:10 Ziggurat
50:13 Ziggurat
50:17 Ziggurat
50:23 Ziggurat
50:26 Ziggurat
50:29 Ziggurat
50:32 Ziggurat
50:37 Ziggurat
51:04 Spirit Tower
51:05 Spirit Tower
51:13 Spirit Tower
51:25 Spirit Tower
51:44 Spirit Tower
51:49 Spirit Tower
52:01 Spirit Tower
52:13 Spirit Tower
52:25 Spirit Tower
53:55 Ziggurat
54:04 Ziggurat
54:07 Ziggurat
54:11 Ziggurat
55:43 Spirit Tower
55:49 Ziggurat
56:06 Ziggurat
56:08 Ziggurat
56:13 Ziggurat
56:15 Ziggurat
56:19 Ziggurat
56:21 Ziggurat
56:26 Ziggurat
57:09 Spirit Tower
57:20 Spirit Tower
57:30 Ziggurat
57:44 Ziggurat
57:47 Ziggurat
57:49 Ziggurat
57:52 Ziggurat
57:54 Ziggurat
58:00 Ziggurat
58:03 Ziggurat
58:13 Ziggurat
58:58 Spirit Tower
59:06 Spirit Tower
59:12 Ziggurat
59:19 Ziggurat
59:21 Ziggurat
59:24 Ziggurat
59:26 Ziggurat
59:30 Ziggurat
59:38 Ziggurat
59:40 Ziggurat
59:43 Ziggurat
59:46 Ziggurat
59:48 Ziggurat
59:58 Ziggurat
60:03 Ziggurat
60:07 Ziggurat
60:11 Ziggurat
60:15 Ziggurat
60:17 Ziggurat
60:20 Ziggurat
60:22 Ziggurat
60:25 Ziggurat
60:27 Ziggurat
60:42 Spirit Tower
60:47 Spirit Tower
61:14 Spirit Tower
61:17 Spirit Tower
61:20 Spirit Tower
61:59 Spirit Tower
» items
| Scroll of Town Portal | 10 | |
| Potion of Healing | 8 | |
| Orb of Corruption | 2 | |
20 total
team 2 (loser)

»
Al_eeT_ (
orange | 42 APM | 4087 actions | 97:41)
7 Archmage
3 Blizzard
3 Brilliance Aura
1 Mass Teleport
6 Blood Mage
3 Flame Strike
2 Siphon Mana
1 Summon Phoenix
2 Mountain King
1 Storm Bolt
1 Bash
» actions
| Basic commands | 51 | |
| Build / train | 196 | |
| Enter build submenu | 28 | |
| Enter hero's abilities submenu | 15 | |
| Give item / drop item | 1 | |
| Right click | 2625 | |
| Select / deselect | 1022 | |
| Use ability | 149 | |
4087 total
» units
| Peasant | 27 | |
| Rifleman | 18 | |
| Mortar Team | 13 | |
| Sorceress | 18 | |
| Siege Engine | 32 | |
| Flying Machine | 35 | |
| Forest Troll Shadow Priest | 1 | |
| Knight | 3 | |
| Dragonhawk Rider | 8 | |
155 total
» upgrades
| Gunpowder | 3 | |
| Long Rifles | 1 | |
| Barrage | 1 | |
| Sorceress Training | 2 | |
| Plating | 3 | |
| Flying Machine Bombs | 1 | |
| Flak Cannons | 1 | |
12 total
» buildings
| Farm | 12 | |
| Lumber Mill | 1 | |
| Altar of Kings | 1 | |
| Barracks | 1 | |
| Blacksmith | 1 | |
| Arcane Vault | 1 | |
| Keep | 1 | |
| Scout Tower | 3 | |
| Workshop | 2 | |
| Guard Tower | 3 | |
| Arcane Sanctum | 1 | |
| Castle | 1 | |
| Town Hall | 2 | |
30 total
» build order
00:21 Farm
00:29 Lumber Mill
00:36 Altar of Kings
01:21 Barracks
01:44 Blacksmith
02:04 Farm
03:05 Farm
03:47 Arcane Vault
04:10 Keep
04:29 Farm
05:44 Farm
06:33 Scout Tower
06:40 Workshop
09:29 Guard Tower
09:42 Arcane Sanctum
09:45 Castle
10:28 Farm
12:35 Farm
14:23 Workshop
14:57 Farm
15:31 Farm
15:36 Farm
16:13 Farm
16:19 Scout Tower
16:49 Guard Tower
16:54 Scout Tower
20:19 Farm
20:21 Guard Tower
80:06 Town Hall
83:16 Town Hall
» items
| Scroll of Regeneration | 2 | |
| Scroll of Town Portal | 1 | |
| Potion of Healing | 1 | |
| Orb of Fire | 1 | |
| Orb of Venom | 1 | |
6 total

»
Scrimbot (
teal | 66 APM | 5771 actions | 87:29)
10 Warden
3 Shadow Strike
3 Blink
1 Spirit of Vengeance
3 Fan of Knives
10 Priestess of the Moon
3 Trueshot Aura
3 Searing Arrows
1 Starfall
3 Scout
1 Paladin
1 Devotion Aura
1 Mountain King
1 Bash
» actions
| Basic commands | 465 | |
| Build / train | 224 | |
| Enter build submenu | 41 | |
| Enter hero's abilities submenu | 24 | |
| Give item / drop item | 4 | |
| Right click | 3224 | |
| Select / deselect | 1259 | |
| Use ability | 530 | |
5771 total
» units
| Wisp | 71 | |
| Huntress | 4 | |
| Archer | 18 | |
| Hippogryph | 24 | |
| Druid of the Talon | 8 | |
| Peasant | 3 | |
128 total
» upgrades
| Ultravision | 1 | |
| Sentinel | 1 | |
| Strength of the Wild | 3 | |
| Reinforced Hides | 3 | |
| Improved Bows | 1 | |
| Well Spring | 1 | |
| Marksmanship | 1 | |
| Upgrade Moon Glaive | 1 | |
| Strength of the Moon | 3 | |
| Nature's Blessing | 1 | |
| Moon Armor | 3 | |
| Backpack | 1 | |
| Hippogryph Taming | 1 | |
| Druid of the Talon Training | 2 | |
| Mark of the Talon | 1 | |
| Vorpal Blades | 1 | |
| Masonry | 1 | |
26 total
» buildings
| Moon Well | 11 | |
| Altar of Elders | 1 | |
| Hunter's Hall | 2 | |
| Ancient of War | 2 | |
| Ancient of Wonders | 4 | |
| Tree of Ages | 3 | |
| Tree of Life | 11 | |
| Tree of Eternity | 1 | |
| Ancient of Wind | 3 | |
| Scout Tower | 16 | |
| Arcane Tower | 3 | |
| Guard Tower | 4 | |
| Workshop | 1 | |
| Cannon Tower | 3 | |
65 total
» build order
00:10 Moon Well
00:13 Altar of Elders
01:26 Hunter's Hall
01:45 Ancient of War
02:00 Moon Well
02:11 Ancient of Wonders
03:25 Tree of Ages
04:18 Moon Well
04:20 Moon Well
06:00 Moon Well
09:04 Tree of Life
09:13 Tree of Life
12:34 Tree of Ages
13:21 Ancient of War
13:37 Ancient of Wonders
14:17 Moon Well
15:10 Tree of Eternity
15:25 Moon Well
15:59 Ancient of Wind
16:32 Ancient of Wonders
16:42 Ancient of Wind
18:01 Ancient of Wonders
23:19 Ancient of Wind
28:13 Tree of Life
30:37 Tree of Life
32:26 Tree of Life
40:08 Hunter's Hall
41:30 Tree of Life
41:34 Tree of Life
47:16 Moon Well
47:18 Moon Well
47:20 Moon Well
47:21 Moon Well
48:10 Tree of Life
54:54 Tree of Life
60:03 Tree of Life
69:48 Scout Tower
69:49 Scout Tower
69:50 Scout Tower
69:50 Scout Tower
69:51 Scout Tower
69:52 Scout Tower
69:53 Scout Tower
69:55 Scout Tower
69:55 Scout Tower
69:56 Scout Tower
69:57 Scout Tower
70:36 Arcane Tower
71:13 Guard Tower
71:15 Guard Tower
73:00 Arcane Tower
73:03 Guard Tower
75:08 Arcane Tower
75:09 Guard Tower
77:26 Tree of Life
79:22 Scout Tower
79:24 Scout Tower
79:26 Scout Tower
79:28 Scout Tower
79:29 Scout Tower
79:46 Workshop
80:54 Cannon Tower
80:55 Tree of Ages
81:04 Cannon Tower
81:06 Cannon Tower
» items
| Potion of Healing | 7 | |
| Scroll of Regeneration | 2 | |
| Orb of Venom | 1 | |
| Scroll of Town Portal | 11 | |
| Anti-magic Potion | 3 | |
| Potion of Mana | 3 | |
| Staff of Preservation | 2 | |
| Lesser Clarity Potion | 2 | |
31 total

»
FIREBOLTFIREBOL (
red | 64 APM | 7316 actions | 114:52)
10 Goblin Alchemist
3 Healing Spray
3 Acid Bomb
1 Transmute
3 Chemical Rage
10 Dark Ranger
3 Black Arrow
3 Silence
1 Charm
3 Life Drain
10 Priestess of the Moon
3 Trueshot Aura
3 Scout
3 Searing Arrows
1 Starfall
2 Mountain King
1 Thunder Clap
1 Bash
3 Paladin
1 Resurrection
2 Holy Light
» actions
| Assign group hotkey | 140 | |
| Basic commands | 541 | |
| Build / train | 260 | |
| ESC pressed | 2 | |
| Enter build submenu | 75 | |
| Enter hero's abilities submenu | 38 | |
| Give item / drop item | 5 | |
| Remove unit from queue | 3 | |
| Right click | 2376 | |
| Select / deselect | 1353 | |
| Select group hotkey | 1786 | |
| Use ability | 737 | |
7316 total
» units
| Wisp | 41 | |
| Archer | 42 | |
| Goblin Shredder | 1 | |
| Gryphon Rider | 42 | |
| Peasant | 3 | |
| Chimaera | 2 | |
| Glaive Thrower | 16 | |
| Goblin Sapper | 1 | |
148 total
» upgrades
| Ultravision | 1 | |
| Strength of the Moon | 3 | |
| Moon Armor | 3 | |
| Improved Bows | 1 | |
| Nature's Blessing | 1 | |
| Marksmanship | 1 | |
| Well Spring | 1 | |
| Armor | 3 | |
| Storm Hammers | 1 | |
| Swords | 1 | |
| Strength of the Wild | 3 | |
| Vorpal Blades | 1 | |
| Reinforced Hides | 1 | |
21 total
» buildings
| Altar of Elders | 4 | |
| Moon Well | 15 | |
| Hunter's Hall | 2 | |
| Ancient of War | 8 | |
| Ancient of Wonders | 15 | |
| Tree of Ages | 3 | |
| Tree of Life | 3 | |
| Tree of Eternity | 3 | |
| Workshop | 3 | |
| Gryphon Aviary | 5 | |
| Farm | 4 | |
| Ancient of Wind | 1 | |
| Chimaera Roost | 9 | |
75 total
» build order
00:12 Altar of Elders
00:19 Moon Well
01:50 Hunter's Hall
01:58 Moon Well
02:13 Moon Well
02:30 Ancient of War
02:33 Ancient of War
03:30 Moon Well
03:54 Ancient of Wonders
06:14 Tree of Ages
06:40 Tree of Life
10:20 Moon Well
10:21 Moon Well
13:16 Ancient of Wonders
13:27 Tree of Eternity
13:33 Moon Well
13:36 Moon Well
13:38 Moon Well
15:14 Hunter's Hall
16:19 Ancient of War
16:19 Ancient of War
22:19 Tree of Life
22:48 Ancient of Wonders
22:52 Ancient of Wonders
32:48 Tree of Life
38:53 Ancient of Wonders
42:29 Workshop
42:30 Workshop
42:31 Workshop
42:48 Gryphon Aviary
42:49 Gryphon Aviary
42:49 Gryphon Aviary
42:51 Gryphon Aviary
42:53 Gryphon Aviary
47:00 Farm
47:01 Farm
47:17 Ancient of Wonders
48:43 Ancient of Wonders
53:02 Ancient of Wonders
56:54 Farm
56:54 Farm
63:27 Ancient of Wonders
63:33 Ancient of Wonders
68:23 Moon Well
68:24 Moon Well
68:26 Moon Well
68:27 Moon Well
68:29 Tree of Ages
68:30 Tree of Ages
69:08 Ancient of Wonders
69:08 Ancient of Wonders
69:09 Ancient of Wonders
69:17 Moon Well
69:17 Moon Well
73:44 Ancient of Wonders
75:01 Ancient of Wonders
88:22 Altar of Elders
88:23 Altar of Elders
88:23 Altar of Elders
88:26 Ancient of Wind
89:40 Chimaera Roost
89:40 Chimaera Roost
89:41 Chimaera Roost
89:42 Chimaera Roost
89:43 Chimaera Roost
89:45 Chimaera Roost
89:49 Chimaera Roost
89:50 Chimaera Roost
90:00 Chimaera Roost
91:45 Tree of Eternity
91:46 Tree of Eternity
93:24 Ancient of War
93:24 Ancient of War
93:25 Ancient of War
93:25 Ancient of War
» items
| Scroll of Town Portal | 25 | |
| Scroll of Regeneration | 3 | |
| Staff of Preservation | 3 | |
| Moonstone | 1 | |
| Orb of Venom | 1 | |
| Anti-magic Potion | 7 | |
| Staff of Sanctuary | 1 | |
| Potion of Healing | 1 | |
42 total

»
OmgUwinNoWai (
blue | 44 APM | 1851 actions | 41:49)
6 Mountain King
3 Storm Bolt
2 Thunder Clap
1 Avatar
4 Paladin
1 Holy Light
2 Devotion Aura
1 Divine Shield
» actions
| Assign group hotkey | 31 | |
| Basic commands | 122 | |
| Build / train | 91 | |
| Enter build submenu | 29 | |
| Enter hero's abilities submenu | 11 | |
| Right click | 929 | |
| Select / deselect | 455 | |
| Select group hotkey | 74 | |
| Use ability | 109 | |
1851 total
» units
| Peasant | 13 | |
| Footman | 11 | |
| Knight | 21 | |
| Rifleman | 7 | |
| Goblin Zeppelin | 1 | |
53 total
» upgrades
| Defend | 1 | |
| Animal War Training | 1 | |
| Plating | 3 | |
| Swords | 2 | |
| Long Rifles | 1 | |
8 total
» buildings
| Altar of Kings | 1 | |
| Farm | 12 | |
| Lumber Mill | 1 | |
| Barracks | 2 | |
| Scout Tower | 14 | |
| Guard Tower | 11 | |
| Arcane Vault | 1 | |
| Keep | 1 | |
| Blacksmith | 1 | |
| Castle | 1 | |
45 total
» build order
00:10 Altar of Kings
00:15 Farm
01:37 Lumber Mill
01:44 Farm
01:56 Barracks
02:40 Barracks
02:51 Scout Tower
02:57 Scout Tower
03:21 Guard Tower
03:24 Guard Tower
03:28 Farm
03:33 Farm
04:15 Farm
04:20 Farm
05:05 Arcane Vault
05:08 Keep
06:38 Farm
06:45 Farm
06:51 Blacksmith
08:30 Castle
09:52 Scout Tower
10:03 Scout Tower
10:04 Scout Tower
10:06 Scout Tower
10:35 Guard Tower
11:18 Guard Tower
14:02 Guard Tower
18:09 Farm
18:11 Farm
18:11 Farm
18:13 Farm
24:24 Scout Tower
27:51 Guard Tower
28:01 Scout Tower
28:04 Scout Tower
28:05 Scout Tower
28:06 Scout Tower
28:07 Scout Tower
28:09 Scout Tower
28:11 Scout Tower
28:38 Guard Tower
28:56 Guard Tower
29:24 Guard Tower
30:05 Guard Tower
30:15 Guard Tower
» items
| Scroll of Regeneration | 1 | |
| Scroll of Town Portal | 4 | |
5 total
Chat log
(00:13 / Allies) TSGH.TRIXITY: rush?
(00:17 / Allies) imwastedagain: im down
(00:21 / Allies) r4nhu: im up
(00:25 / Allies) TSGH.TRIXITY: footies brah
(00:26 / Allies) r4nhu: its not a tech map
(00:28 / Allies) TSGH.TRIXITY: massive amounts
(00:34 / Allies) imwastedagain: fiends dk
(00:45 / Allies) r4nhu: im massing hunts
(01:52 / Allies) imwastedagain: buy rod green
(01:56 / Allies) TSGH.TRIXITY: k bro
(02:47 / Allies) TSGH.TRIXITY: wolf
(03:55 / Allies) TSGH.TRIXITY: gj
(04:07 / Allies) TSGH.TRIXITY: rdy
(05:31 / Allies) TSGH.TRIXITY: rush....?
(05:36 / Allies) imwastedagain: im rdy now
(05:39 / Allies) r4nhu: sme
(05:42 / Allies) TSGH.TRIXITY: meet
(06:09 / Allies) r4nhu: all togheter
(06:10 / Allies) r4nhu: back if towered
(06:16 / Allies) TSGH.TRIXITY: come purp.
(06:44 / Allies) TSGH.TRIXITY: this is annoying
(06:46 / Allies) TSGH.TRIXITY: u guys are ccing
(06:48 / Allies) TSGH.TRIXITY: not rushing cunts
(06:54 / Allies) r4nhu: im here
(06:58 / Allies) TSGH.TRIXITY: scrubs
(07:27 / Allies) TSGH.TRIXITY: nice
(07:29 / Allies) TSGH.TRIXITY: he teched
(07:33 / Allies) imwastedagain: main
(07:33 / Allies) TSGH.TRIXITY: going main
(07:34 / Allies) imwastedagain: all on it
(07:34 / Allies) r4nhu: kill main
(07:47 / Allies) imwastedagain: main
(07:49 / Allies) imwastedagain: keep on it
(07:56 / Allies) TSGH.TRIXITY: main sitll
(08:02 / Allies) imwastedagain: im out
(08:08 / Allies) TSGH.TRIXITY: we got it still
(08:34 / Allies) TSGH.TRIXITY: out
(08:39 / Allies) imwastedagain: gj
(08:45 / Allies) imwastedagain: that was only 3 of us also
(08:52 / Allies) TSGH.TRIXITY: who wasn't in?
(08:58 / Allies) imwastedagain: yellow
(09:01 / Allies) TSGH.TRIXITY: noob yellow
(09:02 / Allies) TSGH.TRIXITY: u suck
(09:06 / Allies) TSGH.TRIXITY: virgin
(09:08 / Allies) r4nhu: lets hit oj soon
(09:10 / Allies) r4nhu: just heal
(09:13 / Allies) r4nhu: n get rdy
(09:29 / Allies) TSGH.TRIXITY: what units we going later?
(09:40 / Allies) imwastedagain: fiend
(09:45 / Allies) imwastedagain: maybe wyrm if i can afford
(09:59 / Allies) r4nhu: hey
(10:01 / Allies) r4nhu: meet again
(10:03 / Allies) r4nhu: lets hit oj now
(10:13 / Allies) TSGH.TRIXITY: k
(10:20 / Allies) TSGH.TRIXITY: i'll go knights
(10:22 / Allies) TSGH.TRIXITY: and casters
(10:58 / Allies) r4nhu: wtf u got green:
(11:06 / Allies) TSGH.TRIXITY: nothing at the moment
(11:08 / Allies) TSGH.TRIXITY: i was poor
(11:20 / Allies) TSGH.TRIXITY: nvm
(11:20 / Allies) r4nhu: lets fckng hit
(11:35 / Allies) TSGH.TRIXITY: coming
(11:36 / Allies) TSGH.TRIXITY: got wards
(11:53 / Allies) r4nhu: b
(12:23 / Allies) r4nhu: back
(12:31 / Allies) TSGH.TRIXITY: yellow
(12:32 / Allies) TSGH.TRIXITY: u blow
(12:35 / Allies) r4nhu: have to kill the ffknc siege
(12:37 / Allies) r4nhu: dont bitch green
(12:39 / Allies) r4nhu: do units
(12:45 / Allies) TSGH.TRIXITY: i do units...
(13:07 / Allies) r4nhu: yellow wheres your army:?
(13:20 / Allies) r4nhu: do fckng something bro
(13:34 / Allies) r4nhu: micro pink
(15:39 / Allies) imwastedagain: yellow
(15:49 / Allies) imwastedagain: fuk me
(15:52 / Allies) imwastedagain: im gonna tk yellow
(15:58 / Allies) r4nhu: stop bitching bro
(15:58 / Allies) TSGH.TRIXITY: why?
(16:00 / Allies) r4nhu: hes doing ok
(16:06 / Allies) imwastedagain: why doesnt he kill teals expo
(16:43 / Allies) r4nhu: im massing talons
(17:03 / Allies) r4nhu: we should hit
(17:53 / Allies) r4nhu: see tanks
(17:56 / Allies) TSGH.TRIXITY: we so lost
(17:56 / Allies) r4nhu: we need siege
(17:59 / Allies) r4nhu: green
(18:03 / Allies) r4nhu: hold your wave bro
(18:19 / Allies) r4nhu: i got tanks with hunts
(18:27 / Allies) r4nhu: i got tanks with hunts
(18:30 / Allies) r4nhu: then u guys kill siege
(19:03 / Allies) r4nhu: damn the orb i wanted
(19:11 / Allies) imwastedagain: yeah me to
(19:11 / Allies) TSGH.TRIXITY: can we attack
(19:12 / Allies) r4nhu: green u aint got she
(19:16 / Allies) r4nhu: come
(19:36 / Allies) imwastedagain: great he tps out
(19:41 / Allies) TSGH.TRIXITY: b?
(19:51 / Allies) imwastedagain: yeah
(19:56 / Allies) imwastedagain: i heal ur hero twice yellow and u tp
(19:58 / Allies) imwastedagain: ur fuking retarded
(20:09 / Allies) r4nhu: great i lost all
(20:11 / Allies) CHIN_VEGA: my whole army was polymorphed
(20:17 / Allies) CHIN_VEGA: should i have let them kill it too
(20:24 / Allies) imwastedagain: well we lose now
(20:25 / Allies) r4nhu: cause you go alone you fucking lacky noob
(21:10 / Allies) r4nhu: KILL CASTERS
(22:22 / Allies) r4nhu: lets counter?
(22:32 / Allies) TSGH.TRIXITY: yeah dude
(22:37 / Allies) r4nhu: h.o
(22:56 / Allies) r4nhu: im meeting u
(23:06 / Allies) imwastedagain: r they clear?
(23:15 / Allies) TSGH.TRIXITY: think so
(23:28 / Allies) TSGH.TRIXITY: hunts blow
(23:48 / Allies) TSGH.TRIXITY: rdy?
(23:52 / Allies) TSGH.TRIXITY: ???
(23:56 / Allies) TSGH.TRIXITY: go
(24:00 / Allies) TSGH.TRIXITY: they tped there
(24:02 / Allies) r4nhu: nothing more to do
(24:04 / Allies) r4nhu: only talons
(24:07 / Allies) TSGH.TRIXITY: more aa
(24:30 / Allies) r4nhu: kill siege e casters
(25:15 / Allies) TSGH.TRIXITY: we need chims
(25:22 / Allies) r4nhu: DAMN TY YELLOW NOOBIE
(25:40 / Allies) r4nhu: u should force tp n come you fucking noob
(26:30 / Allies) TSGH.TRIXITY: all tp
(26:33 / Allies) TSGH.TRIXITY: yellow and purp
(26:53 / Allies) TSGH.TRIXITY: one sec
(28:17 / Allies) TSGH.TRIXITY: counter ftw
(29:45 / Allies) imwastedagain: lumber me
(30:33 / Allies) TSGH.TRIXITY: just going grphyons now fuck this
(30:38 / Allies) r4nhu: we need aa
(30:39 / Allies) imwastedagain: i got wyrms coming
(30:59 / Allies) imwastedagain: i need lumbr
(31:09 / Allies) TSGH.TRIXITY: purp
(31:11 / Allies) TSGH.TRIXITY: lumber him
(31:14 / Allies) r4nhu: who
(31:17 / Allies) TSGH.TRIXITY: pink
(31:18 / Allies) imwastedagain: lumber me prup
(34:24 / All) r4nhu: we got it
(35:26 / Allies) TSGH.TRIXITY: wood me
(35:28 / Allies) TSGH.TRIXITY: tons
(35:38 / Allies) TSGH.TRIXITY: thx
(37:35 / Allies) TSGH.TRIXITY: hit all expos
(38:57 / Allies) r4nhu: damn sick massing arch
(39:17 / Allies) r4nhu: lets fucking hit
(39:39 / Allies) r4nhu: pink
(39:40 / Allies) r4nhu: why go alone
(39:41 / Allies) r4nhu: noobie
(39:42 / Allies) r4nhu: i got aa
(39:44 / Allies) r4nhu: lets fckng meet
(39:49 / Allies) r4nhu: we need siege
(39:53 / Allies) TSGH.TRIXITY: morts
(39:54 / Allies) TSGH.TRIXITY: woudl rape
(40:08 / Allies) r4nhu: lets meet
(40:41 / Allies) r4nhu: i gotta go lets end fast
(40:42 / Allies) r4nhu: lets meet
(41:46 / Allies) r4nhu: YELLOW DONT BACK
(41:48 / Allies) r4nhu: lets counter
(41:53 / All) TSGH.TRIXITY: lol
(42:23 / Allies) r4nhu: COUNTER
(42:43 / Allies) r4nhu: L
(42:49 / Allies) TSGH.TRIXITY: jeez
(42:50 / Allies) r4nhu: back green
(42:54 / Allies) r4nhu: COME YELLOW
(43:06 / Allies) r4nhu: come pink
(43:51 / Allies) r4nhu: COME YELLOW
(44:00 / Allies) imwastedagain: no put asking yellow for anything
(44:07 / Allies) imwastedagain: hasnt typed one word and he does his own thing
(44:09 / Allies) TSGH.TRIXITY: b
(45:01 / All) imwastedagain: dam you
(45:15 / Allies) r4nhu: gold me
(45:56 / Allies) r4nhu: stop fight alone damn
(46:32 / All) imwastedagain: ive never seen a gold mine empty on this map
(46:34 / Allies) r4nhu: yellow
(46:35 / All) imwastedagain: i wanna see it
(46:37 / Allies) r4nhu: can u fckng meet n hit
(46:39 / All) imwastedagain: blues a dick for leaving
(46:40 / Allies) r4nhu: with us
(46:41 / Allies) r4nhu: or what?
(46:52 / Allies) r4nhu: lets kill all the mains
(46:55 / Allies) r4nhu: we can do that in one sec
(46:59 / Allies) r4nhu: lets meet n own teal
(47:00 / Allies) imwastedagain: i almost got reds main
(47:04 / Allies) imwastedagain: but his archers are awesome
(47:17 / Allies) r4nhu: u cant go fckng alone ¬¬
(47:37 / Allies) TSGH.TRIXITY: tanks comign
(48:08 / Allies) r4nhu: meet
(48:15 / Allies) r4nhu: back green n yellow
(48:16 / Allies) TSGH.TRIXITY: they have so much air
(48:35 / Allies) TSGH.TRIXITY: gold plz
(48:38 / Allies) r4nhu: u guys noob for not have aa
(48:39 / Allies) TSGH.TRIXITY: yellow
(48:40 / Allies) TSGH.TRIXITY: omg
(48:42 / Allies) TSGH.TRIXITY: lol
(48:43 / Allies) TSGH.TRIXITY: 11k
(48:50 / Allies) r4nhu: look yellow gold
(48:53 / Allies) r4nhu: hes not doing sht
(48:56 / Allies) imwastedagain: hes been sitting at 50 food all game
(48:59 / Allies) r4nhu: he could even mass gargs
(49:07 / Allies) r4nhu: hes an ass
(49:34 / Allies) imwastedagain: how does yellow have human shit
(50:05 / All) r4nhu: dark ranger magic
(50:09 / All) r4nhu: he might have get a peon
(50:20 / Allies) imwastedagain: lol
(50:46 / Allies) r4nhu: DO GARGS PINK
(50:51 / Allies) r4nhu: god dammit
(50:53 / Allies) r4nhu: yellow gold me pls?
(50:56 / Allies) r4nhu: i need much for hipos
(51:21 / Allies) r4nhu: yellow gold me pls
(51:50 / All) r4nhu: damn yellow is an ass
(53:47 / Allies) r4nhu: wait pink
(53:48 / Allies) r4nhu: meet
(53:51 / Allies) r4nhu: meet
(53:52 / Allies) r4nhu: come green
(53:53 / Allies) r4nhu: come pink
(53:56 / Allies) r4nhu: lets kill teal
(53:58 / All) r4nhu: MEET U NOOBS
(53:59 / Allies) r4nhu: damn
(55:20 / Allies) TSGH.TRIXITY: u didn't wait for me lol
(55:32 / Allies) r4nhu: back
(56:07 / Allies) r4nhu: yellow
(56:11 / Allies) r4nhu: u having fun massing towers?
(57:12 / Allies) r4nhu: i brb
(58:03 / Allies) TSGH.TRIXITY: can we all fight together now...
(58:16 / Allies) r4nhu: u guys sucks
(58:19 / Allies) r4nhu: i have no units
(58:31 / All) imwastedagain: get em oj
(58:37 / All) imwastedagain: only a million more towers to go
(59:45 / Allies) TSGH.TRIXITY: wood plz
(59:46 / Allies) TSGH.TRIXITY: purp
(59:50 / Allies) TSGH.TRIXITY: as much as u can give
(59:50 / Allies) TSGH.TRIXITY: :)
(59:58 / Allies) TSGH.TRIXITY: thx
(60:05 / Allies) r4nhu: im getting 100 food on aa
(60:57 / Allies) imwastedagain: kill the hall
(61:01 / Allies) imwastedagain: oh fuk
(61:15 / Allies) TSGH.TRIXITY: its whatever
(61:26 / Allies) r4nhu: dude
(61:31 / Allies) r4nhu: we have to fckng attack together
(61:33 / Allies) r4nhu: stop being a noob
(61:35 / Allies) TSGH.TRIXITY: yall suck
(61:36 / Allies) TSGH.TRIXITY: u wont
(61:38 / Allies) imwastedagain: purp
(61:42 / Allies) imwastedagain: ur the only one without expos
(61:44 / Allies) imwastedagain: get on it
(61:56 / Allies) r4nhu: check how many i could have on the map
(62:01 / Allies) r4nhu: since u guys have all =D
(62:13 / Allies) r4nhu: we have more money then they
(62:19 / Allies) r4nhu: just do the right units and attack together
(62:21 / Allies) r4nhu: damn is that too hard
(62:25 / Allies) imwastedagain: look
(62:28 / Allies) TSGH.TRIXITY: kill that unit pink
(62:31 / Allies) imwastedagain: they can never kill out towers
(62:37 / Allies) imwastedagain: so all we need to do is wait
(63:03 / Allies) r4nhu: you guys have to mass something to kill those archers
(63:04 / Allies) r4nhu: melee
(63:07 / Allies) r4nhu: ill mass anti air
(63:17 / Allies) r4nhu: gold me pink
(63:17 / Allies) CHIN_VEGA: lets take the middle
(63:23 / Allies) r4nhu: gold me pink
(63:26 / Allies) TSGH.TRIXITY: we need too
(63:27 / Allies) r4nhu: yellow
(63:30 / Allies) imwastedagain: wow he talks
(63:32 / Allies) r4nhu: why dont u do some units to help us?
(63:46 / Allies) r4nhu: pink
(63:47 / Allies) r4nhu: gold me pls
(64:38 / Allies) TSGH.TRIXITY: gogogo
(64:51 / Allies) TSGH.TRIXITY: COME
(64:52 / Allies) TSGH.TRIXITY: all
(64:55 / Allies) TSGH.TRIXITY: we take middle now
(64:56 / Allies) r4nhu: wait for me
(65:12 / Allies) TSGH.TRIXITY: come pinky
(65:15 / Allies) TSGH.TRIXITY: love aura
(65:17 / Allies) imwastedagain: ok
(65:40 / Allies) TSGH.TRIXITY: kjiull him pink
(65:54 / All) TSGH.TRIXITY: idiot blue for the loss lol
(66:00 / All) Al_eeT_: no red
(66:07 / All) Al_eeT_: he wont attack he just stands here
(66:23 / All) CHIN_VEGA: whoever sent all thse gryphons mid to fight mass tank was a moron
(67:05 / Allies) TSGH.TRIXITY: good shit niggas
(67:14 / Allies) r4nhu: ty for nothing yelow n green
(67:18 / Allies) r4nhu: well
(67:20 / Allies) TSGH.TRIXITY: fuck u lol
(67:22 / Allies) r4nhu: can u gold me pink?
(67:24 / Allies) r4nhu: i lost all
(67:31 / Allies) r4nhu: but at last kill all air
(67:40 / Allies) r4nhu: gold me?
(67:41 / Allies) imwastedagain: repair green
(67:57 / Allies) r4nhu: PINK
(67:58 / Allies) r4nhu: can u gold me?
(69:33 / Allies) TSGH.TRIXITY: check
(69:37 / Allies) imwastedagain: i did
(69:39 / Allies) imwastedagain: nnothing
(69:41 / Allies) TSGH.TRIXITY: nice
(70:29 / Allies) imwastedagain: get that mine purp
(70:55 / All) Al_eeT_: thats bs
(71:50 / Allies) imwastedagain: expand here purp
(72:52 / Allies) TSGH.TRIXITY: kill my peasant
(72:53 / Allies) TSGH.TRIXITY: pink
(73:37 / Allies) TSGH.TRIXITY: wood me plz
(74:26 / Allies) TSGH.TRIXITY: i had u pink
(74:37 / Allies) imwastedagain: i was dead by the time u got there
(74:41 / Allies) TSGH.TRIXITY: sorry man
(75:29 / Allies) TSGH.TRIXITY: purp??
(76:00 / Allies) TSGH.TRIXITY: b
(77:15 / Allies) TSGH.TRIXITY: got mains
(77:28 / Allies) imwastedagain: gj
(77:58 / Allies) TSGH.TRIXITY: 41 k yellow...
(77:59 / Allies) TSGH.TRIXITY: fuck u
(78:08 / Allies) TSGH.TRIXITY: tower all the way
(78:37 / Allies) TSGH.TRIXITY: pink u here?
(79:39 / Allies) r4nhu: i still can do chims
(79:42 / Allies) r4nhu: but i dont have more whisps
(80:03 / Allies) r4nhu: gold me yellow?
(80:04 / Allies) TSGH.TRIXITY: stop!
(81:32 / Allies) TSGH.TRIXITY: we lost
(81:37 / Allies) r4nhu: why?
(81:42 / Allies) TSGH.TRIXITY: yellow
(81:44 / Allies) TSGH.TRIXITY: is using pinks
(81:45 / Allies) TSGH.TRIXITY: units
(81:47 / Allies) TSGH.TRIXITY: to kil lme
(81:51 / Allies) r4nhu: ic he kill me already
(81:54 / Allies) r4nhu: hes an ass
(82:12 / Allies) r4nhu: well
(82:15 / Allies) r4nhu: ill jerk off
(82:18 / All) CHIN_VEGA: usa # 1
(82:20 / All) CHIN_VEGA: brazil shit hole
(82:21 / Allies) r4nhu: then watch a game
(82:23 / All) CHIN_VEGA: agree?
(82:26 / All) FIREBOLTFIREBOL: yes
(82:34 / All) FIREBOLTFIREBOL: USA > all peon countries
(82:45 / All) TSGH.TRIXITY: USA ALL DAY
(83:00 / All) r4nhu: yeah usa raise a generation of ignorant ppl that live virtually =D
(83:04 / Allies) imwastedagain: wow
(83:08 / Allies) imwastedagain: i go afk and i got raped
(83:08 / Allies) TSGH.TRIXITY: FUCKING NOOB PINK
(83:10 / Allies) imwastedagain: what happened
(83:13 / Allies) TSGH.TRIXITY: WHY DID U GIVE HIM FCONTROL
(83:14 / Allies) TSGH.TRIXITY: U FSTUPI DFUCK
(83:15 / Allies) r4nhu: pink
(83:17 / Allies) r4nhu: take out share control
(83:22 / Allies) r4nhu: yellow tk u
(83:22 / Allies) imwastedagain: whos killing me
(83:24 / Allies) r4nhu: and me
(83:31 / Allies) r4nhu: hes an ass
(83:40 / Allies) r4nhu: his father molest him all night
(83:47 / Allies) imwastedagain: hmm
(83:51 / Allies) imwastedagain: why ruin such a good game
(84:15 / Allies) r4nhu: hes a lacky kid
(84:16 / Allies) CHIN_VEGA: you morons were being strung along all game
(84:23 / Allies) CHIN_VEGA: red and i planned this
(84:23 / Allies) TSGH.TRIXITY: gg
(84:27 / Allies) CHIN_VEGA: DURRRR
(84:30 / All) imwastedagain: gg guys
(84:32 / All) imwastedagain: was fun
(85:10 / Allies) r4nhu: so big cham
(85:16 / Allies) r4nhu: you plan to lose against him?
(85:19 / Allies) r4nhu: ur an idiot lol
(85:27 / Allies) r4nhu: just plan so he can fuck your mother then
(85:38 / Allies) r4nhu: i could be part of it
(86:14 / All) CHIN_VEGA: nowher eto run to
(87:23 / All) CHIN_VEGA: you retards get it yet?
(87:24 / All) CHIN_VEGA: lmao
(87:26 / All) CHIN_VEGA: 7 still ehre
(87:55 / Allies) r4nhu: ill jerk off bbl
(90:00 / Allies) TSGH.TRIXITY: lol
(90:03 / Allies) TSGH.TRIXITY: jeez
(90:31 / All) imwastedagain: wow
(90:33 / Allies) TSGH.TRIXITY: ...
(90:36 / Allies) TSGH.TRIXITY: can u ont..
(90:37 / All) imwastedagain: green has 56k in gold
(90:41 / All) CHIN_VEGA: NOOB GREEN
(90:42 / All) TSGH.TRIXITY: he just gave me it all
(90:47 / All) Al_eeT_: red killing us
(91:15 / Allies) CHIN_VEGA: D
(93:35 / All) Al_eeT_: get aa
(93:39 / All) CHIN_VEGA: 6 STILL HERE
(93:40 / All) CHIN_VEGA: LMAO
(93:42 / All) CHIN_VEGA: SO DUMB
(93:43 / All) Al_eeT_: he has chims
(93:52 / All) CHIN_VEGA: IM SITTING IN THE SAME ROOM WITH HIM
(93:55 / All) CHIN_VEGA: YOU DUMB MOTHER FUCKER
(94:09 / All) Al_eeT_: oh so both of you suck dick together
(94:12 / All) Al_eeT_: figures
(94:24 / All) CHIN_VEGA: HEY RED
(94:26 / All) CHIN_VEGA: "GET AA"
(94:29 / All) CHIN_VEGA: IM 100 FOOD WYRMS
(94:30 / All) CHIN_VEGA: LOL
(95:40 / All) Al_eeT_: ya you fags really are gay
(95:53 / All) Al_eeT_: so how do you determine who wins?
(96:02 / All) Al_eeT_: whos ever dick is bigger?
(96:15 / All) Al_eeT_: no life bitches
(96:45 / All) Al_eeT_: wow lol
(97:04 / Allies) TSGH.TRIXITY: nerd
(97:35 / Allies) imwastedagain: lol yellow
(97:51 / Allies) imwastedagain: ,targeting greens hero
(99:29 / Allies) TSGH.TRIXITY: u are a nerd
(100:01 / All) CHIN_VEGA: my team gets the loss
(100:06 / All) CHIN_VEGA: they care way too much
(100:09 / All) CHIN_VEGA: about win
(100:11 / All) CHIN_VEGA: all 3 stay nerds
(111:07 / All) r4nhu: you 2 are getting a ban by cd key
(111:11 / All) r4nhu: buy another warcraft
(111:13 / Allies) r4nhu: =D
(111:17 / All) r4nhu: =D
(111:32 / All) r4nhu: greetings from brasil, by now i got both ip and ill own your computers
(111:40 / All) CHIN_VEGA: this thanksgiving im grateful for living in a firs tworld country
(111:46 / All) CHIN_VEGA: where 20 dollars is not a huge amount
(111:49 / All) r4nhu: u call this first world?
(111:54 / All) CHIN_VEGA: i blow my nose on wc3 cds
(111:55 / All) r4nhu: get culture fella
(111:57 / All) CHIN_VEGA: monkey boy
(112:01 / All) r4nhu: u cant buy it on market
(112:15 / All) r4nhu: yeah i bet your mom give all you ask for =D
(112:20 / All) r4nhu: mom's boy
(112:25 / All) r4nhu: hubby
(114:01 / All) r4nhu: cya nerds
(114:07 / All) CHIN_VEGA: check the game length
(114:09 / All) CHIN_VEGA: on your way out
(114:10 / All) CHIN_VEGA: lmao
(114:12 / All) CHIN_VEGA: 3 hour loss
(114:12 / All) r4nhu: ill watch brasil voley game
(114:17 / All) r4nhu: dude
(114:22 / All) r4nhu: i didnt lost 3 hours
(114:29 / All) r4nhu: i set up a sex and do what i had to do
(114:33 / All) r4nhu: you and your lacky friend
(114:45 / All) r4nhu: spend 3 hours being a beautyful couple
(114:51 / All) r4nhu: your mom must be proud